 Dungeon Crawl Stone Soup version 0.32-a0-893-gf85d74f360 (webtiles) character file.

Game seed: 2125590140928871698

126 Doorstop00 the Chopper (level 4, -2/41 HPs)
             Began as a Minotaur Berserker on Apr 3, 2024.
             Was a Believer of Trog.
             Incinerated by a bombardier beetle (6 damage)
             ... with a burning spray
             ... on level 3 of the Dungeon.
             The game lasted 00:08:46 (2623 turns).

Doorstop00 the Chopper (Minotaur Berserker)         Turns: 2623, Time: 00:08:47

Health: -2/41      AC:  9    Str: 21    XL:     4   Next: 83%
Magic:  1/1        EV:  9    Int:  6    God:    Trog [**....]
Gold:   144        SH:  0    Dex: 10    Spells: 3/3 levels left

rFire   . . .        b - +1 trident (antimagic)
rCold   . . .        (no shield)
rNeg    . . .        h - +0 scale mail
rPois   .            (helmet restricted)
rElec   .            g - +0 cloak
rCorr   .            f - +0 pair of gloves
SInv    .            (no boots)
Will    .....        (no amulet) Stlth
                     (no ring)
HPRegen 0.26/turn    (no ring)
MPRegen 0.07/turn

%: no passive effects
@: on fire, glowing
A: horns 2, retaliatory headbutt
a: Renounce Religion, Berserk, Trog's Hand


You were on level 3 of the Dungeon.
You worshipped Trog.
Trog was pleased with you.
You visited 1 branch of the dungeon, and saw 3 of its levels.

You collected 240 gold pieces.
You spent 96 gold pieces at shops.

Inventory:

Hand Weapons
 a - a +0 hand axe
 b - a +1 antimagic trident (weapon)
Armour
 f - a +0 pair of gloves (worn)
 g - a +0 cloak (worn)
 h - a +0 scale mail (worn)
 p - the +0 leather armour of Serendipity {Will++}
   (You found it on level 3 of the Dungeon)

   Will++:    It greatly increases your willpower.
Jewellery
 l - a ring of ice
Wands
 j - a wand of flame (14)
 m - a wand of mindburst (10)
Scrolls
 i - a scroll of immolation
 k - a scroll of identify
Potions
 c - a potion of curing
 d - a potion of heal wounds
 e - a potion of lignification
 n - a potion of attraction {unknown}
 o - a potion of brilliance {unknown}


   Skills:
 * Level 4.4 Fighting
 * Level 5.0(5.1) Axes
 * Level 0.9(3.2) Polearms
 * Level 3.2 Armour
 * Level 2.9 Dodging
 - Level 0.7 Stealth


You had 3 spell levels left.
You didn't know any spells.
Your spell library was empty.

Dungeon Overview and Level Annotations

Branches:
Dungeon (3/15)

Altars:
Okawaru

Shops:
D:2 ?=(:!   D:3 ?


Innate Abilities, Weirdness & Mutations

You have a pair of horns on your head.
You reflexively headbutt those who attack you in melee.


Message History

The ball python bites you but does no damage.
The ball python closely misses you.
You hit the bombardier beetle.
The bombardier beetle is lightly wounded.
The liquid fire burns you!
The ball python bites you but does no damage.
You closely miss the bombardier beetle.
You headbutt the bombardier beetle, but do no damage.
The bombardier beetle is lightly wounded.
The liquid fire burns you! The ball python bites you.
The ball python grabs you. The ball python constricts you.
The bombardier beetle bites you but does no damage.
You hit the ball python.
You kill the ball python!
Trog accepts your kill. The liquid fire burns you!
The bombardier beetle barely misses you.
You hit the bombardier beetle but do no damage.
The bombardier beetle is lightly wounded.
The liquid fire burns you!
The bombardier beetle sprays incendiary fluid at you.
The burning spray misses you.
You are too injured to fight recklessly!
You are too injured to fight recklessly!
You are too injured to fight recklessly!
Unknown command.
You puncture the bombardier beetle!
The bombardier beetle is heavily wounded.
The liquid fire burns you!
You hit the bombardier beetle.
The bombardier beetle is severely wounded.
The liquid fire burns you!
* * * LOW HITPOINT WARNING * * *
The bombardier beetle bites you.
* * * LOW HITPOINT WARNING * * *
You hit the bombardier beetle.
The bombardier beetle is almost dead.
The liquid fire burns you!
You die...

.#?.# #.#
.....##.##
.........###
......#....#
....#...##.#####
....##..##.$...#
#..............#
# .####†.#.....#
#@.....###
#B.##..# ...#
..... .....
.....
.............
..............
...........
.............


You could see a bombardier beetle.

Vanquished Creatures
  An orc priest (D:2)
  4 adders
  A dart slug (D:2)
  2 orcs (D:2)
  5 endoplasms
  7 giant cockroaches
  2 hobgoblins
  5 jackals (D:1)
  3 kobolds
  2 quokkas
  7 ball pythons
  4 bats
  3 frilled lizards
  2 goblins (D:1)
  9 rats
57 creatures vanquished.

Notes
Turn   | Place    | Note
-------+----------+-------------------------------------------
     0 | D:1      | Doorstop00 the Minotaur Berserker began the quest for the
                  | Orb.
     0 | D:1      | Reached XP level 1. HP: 19/19 MP: 0/0
   196 | D:1      | Reached XP level 2. HP: 20/27 MP: 1/1
   200 | D:1      | Reached skill level 4 in Axes
  1083 | D:2      | Found Murihyq's Distillery.
  1092 | D:2      | Bought a potion of curing for 36 gold pieces
  1092 | D:2      | Bought a potion of heal wounds for 60 gold pieces
  1131 | D:2      | Found Fusemeh's Book Shoppe.
  1147 | D:2      | Reached XP level 3. HP: 33/33 MP: 2/2
  1296 | D:2      | Reached ** piety under Trog
  1431 | D:2      | Found Taozxa's Jewellery Boutique.
  1432 | D:2      | Found Eqolim's Weapon Shop.
  1469 | D:2      | Reached XP level 4. HP: 40/40 MP: 1/3
  1575 | D:2      | Reached skill level 5 in Axes
  1722 | D:2      | Found Irichol's Magic Scroll Shoppe.
  2032 | D:2      | Found an iron altar of Okawaru.
  2467 | D:3      | Found Syoranin's Magic Scroll Shop.
  2577 | D:3      | Identified the +0 leather armour of Serendipity {Will++}
  2623 | D:3      | Incinerated by a bombardier beetle

Illustrated notes

Levels and vault maps discovered:
D:1:      dpeg_arrival_refuge, layout_basic, kennysheep_another_room,
          chequers_serial_rivers_large_b, minmay_misc_feat_nine_boxes,
          interstate_on_off
D:2:      cheibrodos_pilgrimage, layout_basic, basic_altar, serial_shops, shop,
          shop, shop, shop_fountains, shop, minmay_pentomino_t4
D:3:      layout_rooms, serial_shops, nicolae_shop_tiny_statue_garden

Skill      XL: |  1  2  3  4 |
---------------+-------------+-----
Axes           | 4 5 |  5.0
Fighting       | 4 |  4.4
Armour         | 3 |  3.2
Polearms       | |  0.9
Dodging        | |  2.9
Stealth        | |  0.7

Action                     |  1- 3 |  4- 6 || total
---------------------------+-------+-------++-------
  Melee: Hand axe          |    66 |       ||    66
         Headbutt          |    11 |     5 ||    16
         Trident           |     4 |    53 ||    57
    Use: Scroll            |     4 |     1 ||     5
 Armour: Animal skin       |    21 |       ||    21
         Ring mail         |     6 |       ||     6
         Scale mail        |    15 |    46 ||    61
  Dodge: Dodged            |    42 |    16 ||    58

Table legend: (Time is in decaauts)
 A = Elapsed time spent in this place.
 B = Non-inter-level travel time spent in this place.
 C = Inter-level travel time spent in this place.
 D = Time resting spent in this place.
 E = Time spent auto-exploring this place.
 F = Levels seen in this place.
 G = Mean time per level.
                   A        B        C        D        E       F      G
               +--------+--------+--------+--------+--------+-----+--------+
         Total |   2659 |   2593 |     66 |     61 |   1986 |   3 |  886.3 |
       Dungeon |   2659 |   2593 |     66 |     61 |   1986 |   3 |  886.3 |
               +--------+--------+--------+--------+--------+-----+--------+

Top non-repeatable levels by time:
     D:2: 1409 daAuts
     D:1: 1082 daAuts
     D:3: 168 daAuts
